cohdb
Replays
Latest Replays
All Replays
Popular Replays
Top Player Replays
Match Explorer
How It Works
Community
CoH3 Stats
Reddit
Sign in to upload your games and track your stats! →
Sign in with Steam
Match 46341384
Unlisted
Match 46341384
Overview
Messages
Build Orders
End
Pioneer Squad
Construct Infanterie Kompanie
MG 42 Machine Gun Team
MG 42 Machine Gun Team
Grenadier Squad
Construct Luftwaffe Kompanie
Selects Breakthrough Battlegroup
Selects Rapid Production
221 Scout Car
Jäger Squad
Flak 30 Anti-aircraft Gun Team
Medical Station
Selects Assault Grenadiers
Jäger Squad
Luftwaffe Officer Quarters
MG 42 Bunker
Selects Breakthrough
Selects Mechanized Assault Group
Mechanized Assault Group
Ra11
Epinephrine
KрепкийOрешек
P3prime
0
0
Comments
sign in to comment!
No comments posted yet!